 Dungeon Crawl Stone Soup version 0.25-a0-310-g60f0ac2d9a (webtiles) character file.

Game seed: 8278102036336638391, levelgen mode: deterministic

1043 Morrissey the Stinger (level 8, -1/52 HPs)
             Began as a Merfolk Venom Mage on Dec 23, 2019.
             Slain by Grinder (3 damage)
             ... on level 5 of the Dungeon.
             The game lasted 00:16:46 (5679 turns).

Morrissey the Stinger (Merfolk Venom Mage)          Turns: 5679, Time: 00:16:47

Health: -1/52      AC:  4    Str:  8    XL:     8   Next: 25%
Magic:  13/13      EV: 16    Int: 14    God:
Gold:   167        SH:  0    Dex: 17    Spells: 3/13 levels left

rFire    + . .     SeeInvis .   a - -1 spear (curse)
rCold    . . .     Gourm    .   (no shield)
rNeg     . . .     Faith    .   e - +0 robe
rPois    .         Spirit   .   (no helmet)
rElec    .         Reflect  .   g - +1 cloak
rCorr    .         Harm     .   (no gloves)
MR       .....                  (no boots)
Stlth    +.........             m - amulet of the acrobat
HPRegen  0.17/turn              b - ring of attention (curse)
MPRegen  0.13/turn              d - ring of protection from fire

@: no status effects
A: change form in water, swift swim, stealthy swim
a: no special abilities


You were on level 5 of the Dungeon.
You were not hungry.

You visited 1 branch of the dungeon, and saw 5 of its levels.

You collected 167 gold pieces.

Inventory:

Hand Weapons
 a - a cursed -1 spear (weapon)
 l - a +0 trident
 s - the +5 dagger of Bodily Harmony {pierce, +Rage rC+ Int-5 SInv, unknown}
   (You found it on level 5 of the Dungeon)

   It inflicts extra damage upon your enemies.
   It affects your intelligence (-5).
   It protects you from cold.
   It lets you see invisible.
   It lets you go berserk.
Armour
 e - a +0 robe (worn)
 g - a +1 cloak (worn)
Jewellery
 b - a cursed ring of attention (left hand)
 d - a ring of protection from fire (right hand)
 f - an uncursed amulet of rage
 m - an amulet of the acrobat (around neck)
Wands
 h - a wand of clouds (5)
 i - a wand of random effects (9)
 k - a wand of enslavement (2)
 p - a wand of paralysis (2)
Scrolls
 n - a scroll of enchant armour
 o - a scroll of teleportation
Potions
 j - 2 potions of curing
 q - a potion of flight {unknown}
 r - 2 potions of lignification
 t - a potion of haste {unknown}
Comestibles
 c - 9 rations


   Skills:
 + Level 4.8 Polearms
 + Level 5.9 Dodging
 - Level 2.1 Stealth
 - Level 3.3 Spellcasting
 + Level 5.3 Transmutations
 * Level 7.0 Poison Magic


You had 3 spell levels left.
You knew the following spells:

 Your Spells              Type           Power        Failure   Level  Hunger
a - Sting                 Tmut/Pois      ###.         1%          1    #......
b - Poisonous Vapours     Pois/Air       ##....       8%          2    ##.....
c - Ignite Poison         Fire/Tmut/Pois ##......     12%         3    ###....
d - Olgreb's Toxic Radia  Pois           ###.....     12%         4    #####..

Your spell library contained the following spells:

 Spells                   Type           Power        Failure   Level  Hunger
 Mephitic Cloud           Conj/Pois/Air  #.......     24%         3    ###....


Dungeon Overview and Level Annotations

Branches:
Dungeon (5/15)
 Temple: D:4-7

Altars:
Ashenzari
Elyvilon
Gozag
Sif Muna
Zin

Annotations:
D:5 Grinder


Message History

You suddenly lose the ability to move!
Grinder hits you.
* * * LOW HITPOINT WARNING * * *
You writhe in agony.
* * * LOW HITPOINT WARNING * * *
Grinder hits you.
* * * LOW HITPOINT WARNING * * *
You can move again.
Unknown command.
Unknown command.
Unknown command.
Unknown command.
Evoke which item? (* to show all) (? for menu, Esc to quit)
Aiming: Paralyse
Press: ? - help, Shift-Dir - straight line, f/p - Grinder
Aim: Grinder, carrying a wand of digging (2) (almost dead, chance to defeat MR: 46%) Grinder resists with some effort.
Grinder hits you.
* * * LOW HITPOINT WARNING * * *
You writhe in agony.
You die...

...# ...# ...# ...# ...#
#+#+# #+♣+# ## #
...###.#.###.#.###.##.#
...+..................
...###.#.###.##5#..#
.#####.#...#.#.#@.#####
........................
....##############.#########
.####⌠###.######...........#
.###8.#.#.#.#..#####.#####.#
.##...........## #.# #.#
...(..........## ## #.#
....8.#.#.#.#..# #.#
....#####_###_## #.#


You could see Grinder.

Vanquished Creatures
  Edmund (D:5)
  A phantom (D:5)
  2 ogres (D:4)
  A bullfrog (D:5)
  A gnoll sergeant (D:5)
  A howler monkey (D:4)
  A hound (D:5)
  2 orc priests
  Ijyb (D:3)
  2 orc wizards
  An iguana (D:5)
  4 worker ants
  A worker ant zombie (D:5)
  4 gnolls (D:5)
  6 adders
  A shadow imp (D:5)
  2 oozes
  2 dart slugs (D:2)
  3 leopard geckos
  14 orcs
  8 giant cockroaches
  3 hobgoblins
  9 jackals
  3 quokkas
  10 bats
  2 frilled lizards
  4 goblins
  A jackal skeleton (D:5)
  8 kobolds
  A leopard gecko skeleton (D:4)
  A quokka skeleton (D:5)
  7 rats
108 creatures vanquished.

Notes
Turn   | Place    | Note
-------+----------+-------------------------------------------
     0 | D:1      | Morrissey the Merfolk Venom Mage began the quest for the
                  | Orb.
     0 | D:1      | Reached XP level 1. HP: 13/13 MP: 3/3
   300 | D:1      | Reached XP level 2. HP: 17/19 MP: 5/5
   548 | D:1      | Learned a level 2 spell: Poisonous Vapours
   959 | D:2      | Reached XP level 3. HP: 19/24 MP: 4/6
  1163 | D:2      | Learned a level 3 spell: Ignite Poison
  1412 | D:2      | Reached skill level 4 in Poison Magic
  1586 | D:3      | Reached XP level 4. HP: 30/30 MP: 3/8
  1742 | D:3      | Found a white marble altar of Elyvilon.
  2037 | D:3      | Reached XP level 5. HP: 35/35 MP: 3/9
  2166 | D:3      | Noticed Ijyb
  2191 | D:3      | Killed Ijyb
  2191 | D:3      | Reached skill level 1 in Polearms
  2621 | D:3      | Learned a level 4 spell: Olgreb's Toxic Radiance
  2781 | D:4      | Noticed an ogre
  2795 | D:4      | Killed an ogre
  2795 | D:4      | Reached skill level 5 in Poison Magic
  2795 | D:4      | Reached XP level 6. HP: 32/41 MP: 1/11
  3280 | D:4      | Found an opulent altar of Gozag.
  3398 | D:4      | Reached XP level 7. HP: 33/46 MP: 9/12
  4035 | D:5      | Entered Level 5 of the Dungeon
  4126 | D:5      | Reached skill level 5 in Dodging
  4135 | D:5      | Reached skill level 6 in Poison Magic
  4369 | D:5      | Noticed Edmund
  4381 | D:5      | Killed Edmund
  4698 | D:5      | Found a glowing silver altar of Zin.
  4701 | D:5      | Found a shimmering blue altar of Sif Muna.
  4860 | D:5      | Found a shattered altar of Ashenzari.
  5002 | D:5      | Reached skill level 5 in Transmutations
  5002 | D:5      | Reached XP level 8. HP: 52/52 MP: 8/13
  5320 | D:5      | Got an ichor-stained dagger
  5364 | D:5      | Reached skill level 7 in Poison Magic
  5642 | D:5      | Noticed Grinder
  5667 | D:5      | Paralysed by Grinder for 7 turns
  5676 | D:5      | Paralysed by Grinder for 3 turns
  5679 | D:5      | HP: 2/52 [Grinder (5)]
  5679 | D:5      | Slain by Grinder

Levels and vault maps discovered:
D:1:      dpeg_arrival_pits, layout_basic, interstate_on_off
D:2:      layout_loops_ring, kennysheep_generic_room_11
D:3:      layout_loops_corners, elyvilon_altar_5, uniq_ijyb
D:4:      layout_loops_ring, marbit_many_paths
D:5:      layout_basic, minitemple, basic_altar, serial_shops,
          nicolae_shop_trees, first_ration, minmay_misc_feat_five, uniq_edmund,
          uniq_grinder

Skill      XL: |  1  2  3  4  5  6  7  8 |
---------------+-------------------------+-----
Dodging        | 3 4 5 |  5.9
Transmutations | 2 3 5 |  5.3
Poison Magic   | 4 5 6 7 |  7.0
Spellcasting   | 3 |  3.3
Polearms       | 2 3 4 |  4.8
Stealth        | |  2.1

Action                   |  1- 3 |  4- 6 |  7- 9 || total
-------------------------+-------+-------+-------++-------
Melee: Short sword       |    64 |       |       ||    64
       Spear             |     1 |   122 |   104 ||   227
 Cast: Sting             |    43 |    51 |    37 ||   131
       Poisonous Vapours |     2 |    22 |    25 ||    49
       Olgreb's Toxic Ra |       |       |     3 ||     3
       Ignite Poison     |       |       |     2 ||     2
Evoke: Wand              |       |       |     4 ||     4
  Use: Scroll            |     2 |     3 |     7 ||    12
 Stab: Sleeping          |       |     2 |       ||     2
       Paralysed         |       |       |    11 ||    11
  Eat: Chunk             |     3 |     7 |     7 ||    17
       Ration            |       |       |     1 ||     1
Armor: Robe              |    28 |    25 |    15 ||    68
Dodge: Dodged            |    58 |   116 |    69 ||   243

Table legend:
 A = Non-vault XP
 B = Vault XP
 C = Vault XP percentage of total XP
 D = Non-vault monster count
 E = Vault monster count
 F = Vault count percentage of total count
                 A         B        C        D         E       F
            +---------+---------+-------+---------+---------+-------
      Total |    1270 |     220 |  14.8 |     105 |       3 |   2.8
            +---------+---------+-------+---------+---------+-------
        D:1 |      26 |       0 |   0.0 |      16 |       0 |   0.0
        D:2 |      37 |      13 |  26.0 |      19 |       1 |   5.0
        D:3 |     160 |      36 |  18.4 |      29 |       1 |   3.3
        D:4 |     428 |       0 |   0.0 |      21 |       0 |   0.0
        D:5 |     619 |     171 |  21.6 |      20 |       1 |   4.8
            +---------+---------+-------+---------+---------+-------
